Unix NetHack Version 5.0.0-0 post-release - last build Jun 10 2026 00:39:30 (3ee93aec679c4c4259841fe613dc97188e26a321,branch:main).

Game began 2026-06-16 11:16:10, ended 2026-06-16 22:11:07.

GdeVolpiano, neutral female human Tourist

                                                           -----------
      -----------           -------                        |.........|
      |.........|           |.....|     -----              |.........|
      |.........|           |.....|    [-...-############# |.........|
      |.........|           |.....|  ###|^..|#           ##..........|
      |.........|    %#####)..(...|  #  |...|#             |..........#
      |.........|   ##      --.----  #  -----#             -----------#
      |........>@O#[#         #      #       #                        #
      -----------             #      #       ##                       #
                              #     ##        #           ##          #
                              #    ##         #       ##########      #
                              ##   #          #--------.-------#      #
                              ###  #          #|..........(_..|###########
                             -.-|-##          #|..............|       #--|---
                             |....#           #-..............|       #|....|
                             |...|             |........<.....-       #|....|
                             |....             ----------------       #.....|
                             -----                                     ------

GdeVolpiano the Peregrinatrix  St:16 Dx:11 Co:25 In:11 Wi:13 Ch:16  Neutral
Dlvl:9  $:121 HP:0(91) Pw:40(40) AC:-2 Xp:10 T:14116 

Latest messages:
 Heliodore bites the imp.
 The imp misses Heliodore.
 The water nymph charms you.  You gladly start removing your boots.
 You feel yourself slow down.
 The water nymph removes your uncursed ring of shock resistance (from right hand).
 She stole an uncursed ring of shock resistance.
 The dwarf lord wields a dwarvish mattock!
 The imp hits!
 Heliodore bites the imp.
 The imp is killed!
 The water nymph pretends to be friendly.
 The water nymph pretends to be friendly.
 The dwarf lord swings his dwarvish mattock.
 The dwarf lord hits!
 The dwarf lord swings his dwarvish mattock.
 The dwarf lord hits again!
 Heliodore eats a stone giant corpse.
 You can move again.
 The water nymph steals an uncursed +0 pair of speed boots!
 The water nymph vanishes and reappears farther away.
 The black naga spits venom!
 A splash of venom misses you.
 The black naga spits venom!
 You are hit by a splash of venom!
 It burns!
 Where do you want to travel to?
 (For instructions type a '?')
 You climb up the stairs.
 You stop searching.
 You hit the iguana!
 You hit the iguana.
 You miss the iguana.
 You kill the iguana!
 There is an open door here.
 There are several objects here.
 The ogre lady wields a double-headed axe!
 You hit the ogre lady!
 You hit the ogre lady!
 The ogre lady swings her double-headed axe.
 The ogre lady hits!
 You miss the ogre lady.
 You miss the ogre lady.
 The ogre lady swings her double-headed axe.
 The ogre lady hits!
 You miss the ogre lady.
 You hit the ogre lady!
 The ogre lady swings her double-headed axe.
 The ogre lady hits!
 You die...
 Do you want your possessions identified? [ynq] (y)

Inventory:
 Coins    ('$')
  $ - 121 gold pieces
 Amulets  ('"')
  D - an uncursed amulet of reflection (being worn)
 Weapons  (')')
  d - 4 blessed +2 darts (at the ready)
  a - the rustproof +2 Ogresmasher (wielded in right hand)
  X - a rustproof +2 scimitar (wielded in left hand)
 Armor    ('[')
  i - a blessed +0 elven leather helm (being worn)
  B - a blessed burnt +1 elven shield
  p - an uncursed burnt +0 oilskin cloak (being worn)
  F - a blessed +3 dwarvish mithril-coat (being worn)
 Comestibles  ('%')
  G - an uncursed banana
  C - an uncursed C-ration
  o - 2 uncursed cream pies
  c - 2 uncursed sprigs of wolfsbane
  t - 3 uncursed tripe rations
  M - an uncursed lizard corpse
 Scrolls  ('?')
  z - an uncursed scroll of identify
  E - a cursed scroll of magic mapping
 Potions  ('!')
  I - 2 uncursed potions of full healing
 Rings    ('=')
  T - an uncursed ring of cold resistance (on left hand)
 Wands    ('/')
  q - a wand of digging (0:4)
  A - a wand of sleep (0:5)
  J - a wand of speed monster (0:7)
  r - a wand of speed monster (0:6)
  O - a wand of striking (0:0)
 Tools    ('(')
  h - an uncursed oilskin sack containing 1 item
  f - a magic marker (0:93)
  w - an uncursed magic whistle
  k - an uncursed skeleton key
  R - an uncursed stethoscope
  L - an uncursed partly used tallow candle
  y - an uncursed towel
 Gems/Stones  ('*')
  l - an uncursed luckstone

Contents of the oilskin sack:
  an uncursed bag of holding containing 21 items

Contents of the bag of holding:
  1588 gold pieces
  a +0 dwarvish mattock
  an empty uncursed sack
  an uncursed worthless piece of black glass
  4 uncursed worthless pieces of blue glass
  10 uncursed worthless pieces of green glass
  3 uncursed emeralds
  an uncursed jade stone
  2 uncursed worthless pieces of orange glass
  2 uncursed worthless pieces of red glass
  2 uncursed rubies
  an uncursed garnet stone
  4 uncursed worthless pieces of violet glass
  an uncursed fluorite stone
  2 uncursed amethyst stones
  6 uncursed worthless pieces of white glass
  2 uncursed diamonds
  6 uncursed worthless pieces of yellow glass
  2 uncursed citrine stones
  3 uncursed worthless pieces of yellowish brown glass
  an uncursed topaz stone

GdeVolpiano the Tourist's attributes:

Background:
 You were a Peregrinatrix, a level 10 female human Tourist.
 You were neutral, on a mission for The Lady
 who was opposed by Blind Io (lawful) and Offler (chaotic).
 You were right-handed.
 You were in the Dungeons of Doom, on level 9.
 You entered the dungeon 14116 turns ago.
 It was nighttime.
 There was a new moon in effect when your adventure ended.
 You had 7215 experience points, 2785 more were needed to attain level 11.

Basics:
 You had 0 out of 91 hit points.
 You had all 40 energy points (spell power).
 Your armor class was -2.
 Your wallet contained 121 zorkmids, and
 you had 1588 more stashed away in your pack.
 Autopickup was on for '$?!/="+' plus thrown, with exceptions.

Final Characteristics:
 Your strength was 16 (limit:18/100).
 Your dexterity was 11 (limit:18).
 Your constitution was 25 (base:18, innate limit:18).
 Your intelligence was 11 (limit:18).
 Your wisdom was 13 (limit:18).
 Your charisma was 16 (limit:18).

Final Status:
 You weren't hungry.
 You were unencumbered.
 You were wielding two weapons at once.
 Your two weapon skill was limited by being basic with hammer.
 Your two weapon skill was also limited by being basic with saber.

Final Attributes:
 You were piously aligned.
 You were fire resistant.
 You were cold resistant.
 Your items were protected from cold.
 You were sleep resistant.
 You were telepathic.
 You had automatic searching.
 You had a small defense bonus (+2).
 You were guarded.
 Your spell casting was impaired by metallic armor.
 You had reflection.
 You were lucky.
 You had extra luck.
 Bad luck did not time out for you.
 Good luck did not time out for you.
 You are dead.

Miscellaneous:
 You didn't encounter any bones levels.
 Total elapsed playing time was 3 hours and 25 seconds.

Major events:
 Turn
    1: GdeVolpiano the neutral female human Tourist entered the dungeon
  383: read a Discworld novel
  496: attained the rank of Sightseer (level 3)
  509: entered the Gnomish Mines
 2021: attained the rank of Excursionist (level 6)
 2091: reached Mine Town
 4933: was bestowed with Trollsbane by The Lady
 6861: entered Sokoban
 7699: completed 1st Sokoban level
 7992: completed 2nd Sokoban level
 8533: completed 3rd Sokoban level
 8808: was bestowed with Ogresmasher by The Lady
 9467: completed 4th Sokoban level
10183: attained the rank of Peregrinatrix (level 10)
10281: acquired the Sokoban amulet of reflection
10936: entered the Bigroom
12812: acquired the Mines' End luckstone
14116: killed by an ogre lady

Spells:
 Name                 Level Category     Fail Retention
 jumping                1   escape        89%    (gone)
 drain life             2   attack        95%    (gone)
 knock                  1   matter        89%    (gone)
 detect monsters        1   divination    89%    (gone)
 healing                1   healing       95%    (gone)
 light                  1   divination    89%    (gone)
 sleep                  3   enchantment  100%  76%-100%
 confuse monster        1   enchantment   89%  76%-100%
 cone of cold           4   attack       100%  76%-100%

Skills:
 Fighting Skills
   bare handed combat [Unskilled]
   two weapon combat  [Skilled]
   riding             [Unskilled]
 Weapon Skills
   dagger             [Unskilled]
   knife              [Unskilled]
   axe                [Unskilled]
   pick-axe           [Unskilled]
   short sword        [Basic]
   broadsword         [Unskilled]
   long sword         [Unskilled]
   two-handed sword   [Unskilled]
   saber              [Basic]
   mace               [Unskilled]
   morning star       [Basic]
   flail              [Unskilled]
   hammer             [Basic]
   quarterstaff       [Unskilled]
   polearms           [Unskilled]
   spear              [Unskilled]
   trident            [Unskilled]
   lance              [Unskilled]
   bow                [Unskilled]
   sling              [Unskilled]
   crossbow           [Unskilled]
   dart               [Skilled]
   shuriken           [Unskilled]
   boomerang          [Unskilled]
   whip               [Unskilled]
   unicorn horn       [Unskilled]
 Spellcasting Skills
   divination spells  [Unskilled]
   enchantment spells [Unskilled]
   escape spells      [Unskilled]

Voluntary challenges:
 Character rerolling was not enabled.
 You never genocided any monsters.
 You never polymorphed an object.
 You never changed form.
 You used no wishes.
 You did not violate any of the special Sokoban rules.
Achievements:
 You entered a shop.
 You read from a Discworld novel.
 You attained the rank of Sightseer.
 You entered the Gnomish Mines.
 You attained the rank of Excursionist.
 You entered Minetown.
 You entered a temple.
 You entered Sokoban.
 You attained the rank of Peregrinatrix.
 You completed Sokoban.
 You entered the Big Room.
 You completed the Gnomish Mines.

 The Dungeons of Doom: levels 1 to 11
    Level 1:
       A fountain.
    Level 2: "vault"
       A bookstore, a grave.
    Level 3:
       A general store.
       Stairs down to The Gnomish Mines.
    Level 4:
       A scroll shop, an altar to The Lady, some fountains.
    Level 5:
       A fountain.
    Level 6:
       Some fountains.
    Level 7:
       Many fountains.
    Level 8:
       A food shop.
       Stairs up to Sokoban, level 7.
    Level 9: <- You were here.
       An altar.
       Final resting place for
          you, killed by an ogre lady.
    Level 10:
       A very big room.
    Level 11:
       A fountain.
 The Gnomish Mines: levels 4 to 11
    Level 4:
    Level 5:
    Level 6:
    Level 7:
       Many shops, a temple and an altar, some fountains.
    Level 8:
    Level 9:
    Level 10:
    Level 11:
 Sokoban: levels 7 up to 4
    Level 4:
       Solved.
    Level 5:
       Solved.
    Level 6:
       Solved.
    Level 7:
       Solved.


Vanquished creatures:
  2 giant mimics
  a large mimic
  a giant mummy
  a sergeant
  3 small mimics
  a warhorse
  a xan
  a troll
  2 gelatinous cubes
  a large dog
  a freezing sphere
  a gargoyle
  2 dwarf rulers
  a tengu
  3 ochre jellies
  a leocrotta
  2 stone giants
  3 red nagas
  2 pit vipers
  a wraith
  a leather golem
  4 Grey-elves
  a soldier
 an amorous demon
  a chameleon
  a giant beetle
  2 cockatrices
  6 wolves
  a panther
  2 gremlins
  6 leprechauns
  3 orc-captains
  2 giant spiders
  2 horses
 an ice vortex
  a black light
  a vampire bat
  3 gnome rulers
  a dwarf mummy
  5 brown puddings
  a rust monster
  4 owlbears
  3 yetis
  a werewolf
  a Green-elf
  3 lizards
  a jaguar
  2 dwarf leaders
  a blue jelly
  a dust vortex
  a raven
  6 snakes
  a human zombie
  a rope golem
  7 Woodland-elves
  4 soldier ants
  4 fire ants
 12 bugbears
 an imp
  a wood nymph
  3 water nymphs
  3 mountain nymphs
 15 Mordor orcs
  a rock piercer
  2 rock moles
  a pony
  3 yellow lights
  a shrieker
  2 violet fungi
 14 gnome leaders
  6 gnomish wizards
  2 kobold mummies
  3 gray oozes
  a barrow wight
  4 elf zombies
  2 straw golems
  2 paper golems
  7 giant ants
  2 little dogs
  6 floating eyes
 20 dwarves
  5 homunculi
  2 kobold leaders
  a kobold shaman
  8 hill orcs
  6 rothes
  a rabid rat
  2 centipedes
  3 giant bats
  5 monkeys
  3 orc zombies
  8 dwarf zombies
  2 wererats
 12 iguanas
  3 gas spores
  6 hobbits
  a manes
  5 large kobolds
 11 hobgoblins
 10 cave spiders
  3 yellow molds
  a green mold
 59 gnomes
  4 garter snakes
  a gnome zombie
  5 geckos
 12 jackals
  2 foxes
  8 kobolds
  5 goblins
  a sewer rat
  8 grid bugs
  3 bats
  3 lichens
  a kobold zombie
  8 newts
450 creatures vanquished.

No species were genocided or became extinct.

Game over:
                       ----------
                      /          \
                     /    REST    \
                    /      IN      \
                   /     PEACE      \
                  /                  \
                  |   GdeVolpiano    |
                  |     1709 Au      |
                  |   killed by an   |
                  |    ogre lady     |
                  |                  |
                  |                  |
                  |       2026       |
                 *|     *  *  *      | *
        _________)/\\_//(\/(/\)/\//\/|_)_______

Aloha GdeVolpiano the Tourist...

You died in The Dungeons of Doom on dungeon level 9 with 37017 points,
and 1709 pieces of gold, after 14116 moves.
You were level 10 with a maximum of 91 hit points when you died.

